 Dungeon Crawl Stone Soup version 0.22-a0-266-g5fdf0d7d63 (webtiles) character file.

55 Manul the Sneak (level 3, -1/27 HPs)
             Began as a Demonspawn Assassin on Mar 8, 2018.
             Slain by a phantom (9 damage)
             ... on level 3 of the Dungeon.
             The game lasted 00:01:54 (1891 turns).

Manul the Sneak (Demonspawn Assassin)               Turns: 1891, Time: 00:01:55

Health: -1/27      AC: 10    Str: 11    XL:     3   Next: 67%
Magic:  3/3        EV: 11    Int: 12    God:
Gold:   65         SH:  0    Dex: 15    Spells: 2/2 levels left

rFire    . . .     SeeInvis .   a - +2 dagger
rCold    . . .     Gourm    .   (no shield)
rNeg     . . .     Faith    .   n - +0 leather armour
rPois    .         Spirit   .   (no helmet)
rElec    .         Reflect  .   d - +0 cloak
rCorr    .         Harm     .   (no gloves)
MR       .....                  (no boots)
Stlth    +++.......             (no amulet)
HPRegen  0.09/turn              (no ring)
MPRegen  0.08/turn              (no ring)

@: sanguine armour
A: sanguine armour 1
a: no special abilities


You were on level 3 of the Dungeon.
You were very hungry.

You visited 1 branch of the dungeon, and saw 3 of its levels.

You collected 65 gold pieces.

Inventory:

Hand Weapons
 a - a +2 dagger (weapon)
 b - a +0 blowgun
Missiles
 e - 22 poisoned needles
 f - 2 curare-tipped needles
Armour
 c - a +0 robe
 d - a +0 cloak (worn)
 n - a +0 leather armour (worn)
Scrolls
 h - a scroll of identify {unknown}
 k - a scroll of blinking {unknown}
Potions
 i - 2 potions of might {unknown}
 j - a potion of haste {unknown}
 m - a potion of lignification {unknown}
 o - a potion of magic {unknown}
Comestibles
 g - 8 rations


   Skills:
 + Level 2.2 Fighting
 + Level 2.0 Short Blades
 - Level 1.7 Throwing
 + Level 0.7 Armour
 + Level 1.1 Dodging
 * Level 4.6 Stealth


You had 2 spell levels left.
You didn't know any spells.

Dungeon Overview and Level Annotations

Branches:
Dungeon (3/15)

Altars:
Dithmenos


Innate Abilities, Weirdness & Mutations

When seriously injured, your bleeding wounds create armour. (AC +6)


Message History

The phantom is severely damaged.
The phantom hits you.
You barely miss the phantom.
The phantom is severely damaged.
The phantom barely misses you.
You hit the phantom.
The phantom is almost destroyed.
The phantom blinks!
You swing at nothing.
The phantom blinks!
You barely miss the phantom.
The phantom is almost destroyed.
The phantom hits you.
* * * LOW HITPOINT WARNING * * *
The phantom blinks!
The phantom completely misses you.
You closely miss the phantom.
The phantom is almost destroyed.
The phantom blinks!
The phantom hits you!
You die...

####....<.......
#.....##.....
#.....# ###
#####.# #.# #.#
#.# #ยง# #@# #W#
#.# ..# ###


You could see a phantom.

Vanquished Creatures
  2 adders (D:2)
  2 worms (D:2)
  A leopard gecko (D:1)
  6 goblins
  5 hobgoblins
  2 jackals (D:2)
  2 kobolds (D:2)
  2 ball pythons (D:2)
  3 bats
  2 frilled lizards
  2 rats
29 creatures vanquished.

Notes
Turn   | Place    | Note
-------+----------+-------------------------------------------
     0 | D:1      | Manul the Demonspawn Assassin began the quest for the Orb.
     0 | D:1      | Reached XP level 1. HP: 16/16 MP: 1/1
   288 | D:1      | Reached skill level 4 in Stealth
   421 | D:1      | Gained mutation: When seriously injured, your bleeding wounds create armour. (AC +6) [demonic ancestry]
   421 | D:1      | Reached XP level 2. HP: 20/22 MP: 2/2
  1129 | D:2      | Reached skill level 1 in Dodging
  1137 | D:2      | Reached XP level 3. HP: 12/27 MP: 3/3
  1449 | D:2      | Found a shadowy altar of Dithmenos.
  1772 | D:2      | You fall through a shaft!
  1841 | D:3      | Noticed a phantom
  1891 | D:3      | Slain by a phantom

Vault maps used:
D:1:      dpeg_arrival_boxes_within_box
D:2:      nicolae_dithmenos_shadow_blocks
D:3:      serial_co_window_serial, co_window_corner_a, co_window_corner_a,
          co_window_of_opportunity_a, co_window_paths_a, co_window_paths_a,
          co_window_corner_b, co_window_broadway_b, co_window_corner_b,
          co_window_cross_3, glass_columns_b, glass_columns_b, glass_columns_a,
          glass_columns_c, uniq_sigmund

Skill      XL: |  1  2  3 |
---------------+----------+-----
Stealth        | 4 |  4.6
Dodging        | 1 |  1.1
Short Blades   | 2 |  2.0
Fighting       | |  2.2
Throwing       | |  1.7
Armour         | |  0.7

Action                   || total
-------------------------++-------
Melee: Dagger            ||   143
  Use: Scroll            ||     3
 Stab: Sleeping          ||     5
  Eat: Chunk             ||     2
Armor: Leather armour    ||    33
Dodge: Dodged            ||    70

Table legend:
 A = Spawn XP
 B = Non-spawn XP
 C = Spawn XP percentage of total XP
 D = Spawn monster count
 E = Non-spawn monster count
 F = Spawn count percentage of total count
 G = Total turns spent on level
                    A         B        C        D         E        F      G
               +---------+---------+-------+---------+---------+-------+---------
         Total |       0 |      79 |   0.0 |       0 |      29 |   0.0 |  1891
               +---------+---------+-------+---------+---------+-------+---------
           D:1 |       0 |      16 |   0.0 |       0 |       9 |   0.0 |   884
           D:2 |       0 |      62 |   0.0 |       0 |      19 |   0.0 |   888
           D:3 |       0 |       1 |   0.0 |       0 |       1 |   0.0 |   119
               +---------+---------+-------+---------+---------+-------+---------
